 Dungeon Crawl Stone Soup version 0.17-a0-587-g4707e02 (webtiles) character file.

91 xeno23 the Magician (level 4, -6/36 HPs)
             Began as a Demigod Wizard on Apr 15, 2015.
             Killed by divine providence
             ... invoked by an orc priest
              (10 damage)
             ... on level 3 of the Dungeon.
             The game lasted 00:28:11 (3625 turns).

xeno23 the Magician (Demigod Wizard)                Turns: 3625, Time: 00:28:11

Health: -6/36      AC:  5    Str: 10    XL:     4   Next: 12%
Magic:  7/11       EV: 12    Int: 24    God:
Gold:   221        SH:  0    Dex: 14    Spells: 3 memorised, 2 levels left

rFire  . . .     SeeInvis .     e - +0 whip
rCold  . . .     Clarity  .     a - +0 robe
rNeg   . . .     SustAb   +     (no shield)
rPois  .         Gourm    .     b - +1 hat
rElec  .         Spirit   .     (no cloak)
rCorr  .         Warding  .     g - +1 pair of gloves
rMut   .         Stasis   .     (no boots)
MR     .....                    (no amulet)
Stlth  ++........               (no ring)
                                (no ring)

@: not resistant to hostile enchantments, unstealthy
A: high mp 1, sustain abilities
a: no special abilities


You were on level 3 of the Dungeon.
You were not hungry.

You visited 1 branch of the dungeon, and saw 4 of its levels.

You collected 221 gold pieces.

Inventory:

Hand weapons
 e - a +0 whip (weapon)
 m - a +0 blowgun
Missiles
 h - 11 tomahawks (quivered)
 r - 12 poisoned needles
Armour
 a - a +0 robe (worn)
 b - a +1 hat (worn)
 g - a +1 pair of gloves (worn)
Jewellery
 k - a cursed -4 ring of strength {unknown}
 p - an uncursed ring of stealth {unknown}
Potions
 i - 4 potions of curing {unknown}
 j - a potion of brilliance {unknown}
 n - a potion of magic {unknown}
 o - a potion of poison {unknown}
 q - a potion of lignification {unknown}
 s - 2 potions of resistance {unknown}
Books
 c - a book of Minor Magic

   Spells                             Type                      Level
   a - Magic Dart                     Conjuration                  1
   b - Blink                          Translocation                2
   c - Call Imp                       Summoning                    2
   d - Repel Missiles                 Charms/Air                   2
   e - Slow                           Hexes                        2
   f - Conjure Flame                  Conjuration/Fire             3
   g - Mephitic Cloud                 Conjuration/Poison/Air       3
Comestibles
 l - a meat ration


   Skills:
 + Level 1.9 Fighting
 - Level 2.0 Dodging
 - Level 1.9 Stealth
 - Level 2.9 Spellcasting
 + Level 2.0 Conjurations
 + Level 1.6 Summonings
   Level 0.8 Translocations
 + Level 0.1 Fire Magic


You had 2 spell levels left.
You knew the following spells:

 Your Spells              Type           Power        Failure   Level  Hunger
a - Magic Dart            Conj           ##..         6%          1    None
c - Call Imp              Summ           ##......     12%         2    ##.....
d - Conjure Flame         Conj/Fire      #.......     24%         3    ###....


Dungeon Overview and Level Annotations

Branches:
Dungeon (4/15)
 Temple: D:4-7

Annotations:
D:3 Robin
D:4 Grinder


Innate Abilities, Weirdness & Mutations

You have an increased reservoir of magic (+10% MP).
Your attributes are resistant to harm.


Message History

You take 4 damage.
The orc shouts!
The goblin moves out of view.
The hobgoblin closely misses you.
You climb upwards.
Level annotation: Robin Your white imp disappears in a puff of smoke!
The hobgoblin misses you. The hobgoblin barely misses you.
There is a stone staircase leading down here.
Drink which item? (? for menu, Esc to quit)
Okay, then.
The orc priest calls down the wrath of Beogh upon you.
Something smites you!
* * * LOW HITPOINT WARNING * * *
You see here a club.
You take 12 damage.
The hobgoblin hits you but does no damage.
You see here a dagger.
The orc priest mumbles some strange prayers to Beogh against you.
Something smites you!
You die...

. #.# #.# ####.#####
#........# #.##.##..# .
#..#.##..# . #.@..##..#
. #..#..##..# .
##.#.##g.#..# .#
##.##.###....# .#
##.#...# ##g..#
S#######.#..#.#######..#
....gg..........>.og.o.#
..#####..........)######
..# #............##.#


You could see an orc priest and 2 hobgoblins.

Vanquished Creatures
  4 adders
  2 ball pythons (D:2)
  7 giant cockroaches
  5 hobgoblins
  2 quokkas
  3 bats
  2 giant geckos
  5 giant newts
  6 goblins
  2 jackals (D:3)
  6 kobolds
  9 rats
53 creatures vanquished.

Vanquished Creatures (collateral kills)
  A worm (D:2)
  A bat (D:3)
  5 hobgoblins
  3 goblins
  A rat (D:1)
11 creatures vanquished.

Vanquished Creatures (others)
  A crimson imp (D:3)
  2 shadow imps (D:3)
  4 white imps
7 creatures vanquished.

Grand Total: 71 creatures vanquished

Notes
Turn   | Place    | Note
--------------------------------------------------------------
     0 | D:1      | xeno23, the Demigod Wizard, began the quest for the Orb.
     0 | D:1      | Reached XP level 1. HP: 14/14 MP: 6/6
   646 | D:1      | Reached XP level 2. HP: 20/22 MP: 6/8
   650 | D:1      | Learned a level 2 spell: Call Imp
   695 | D:1      | Reached skill level 1 in Conjurations
   910 | D:2      | Reached skill level 1 in Summonings
  1436 | D:2      | Reached skill level 1 in Fighting
  1560 | D:2      | Reached XP level 3. HP: 28/28 MP: 3/10
  1672 | D:2      | Found a sparkling altar of Nemelex Xobeh.
  1762 | D:2      | Found a radiant altar of Vehumet.
  2419 | D:3      | Noticed a phantom
  2455 | D:3      | Learned a level 3 spell: Conjure Flame
  3388 | D:3      | Noticed Robin
  3531 | D:3      | Reached XP level 4. HP: 9/36 MP: 4/11
  3613 | D:4      | Noticed Grinder
  3625 | D:3      | Killed from afar by an orc priest

Action                   |  1- 3 |  4- 6 || total
-------------------------+-------+-------++-------
Melee: Unarmed           |    18 |       ||    18
       Whip              |   122 |     4 ||   126
Throw: Tomahawk          |     6 |       ||     6
 Cast: Magic Dart        |    94 |     1 ||    95
       Call Imp          |    24 |     4 ||    28
       Conjure Flame     |     1 |       ||     1
  Use: Scroll            |     6 |       ||     6
       Potion            |     1 |       ||     1
 Stab: Sleeping          |     1 |       ||     1
  Eat: Chunk             |     7 |       ||     7
       Bread ration      |     1 |       ||     1
